 Dungeon Crawl Stone Soup version 0.31.0-1-g2c135a008e (webtiles) character file.

Game seed: 11036329893616298492

378 qw the Shooter (level 7, -4/50 HPs)
             Began as a Djinni Hunter on Jan 23, 2024.
             Killed from afar by a steam dragon (8 damage)
             ... with a ball of steam
             ... on level 6 of the Dungeon.
             The game lasted 00:00:10 (2598 turns).

qw the Shooter (Djinni Hunter)                      Turns: 2598, Time: 00:00:10

Health: -4/50      AC:  5    Str: 10    XL:     7   Next: 4%
Gold:   163        EV: 11    Int: 11    God:
                   SH:  0    Dex: 18

rFire   + + .        a - +3 shortbow
rCold   x . .        (shield currently unavailable)
rNeg    . . .        j - +0 ring mail
rPois   inf          (helmet restricted)
rElec   .            (no cloak)
rCorr   .            (no gloves)
SInv    .            (boots unavailable)
Will    .....        (no amulet)
Stlth   +            (no ring)
HPRegen 0.28/turn    (no ring)
MPRegen 0.00/turn

%: infuse magic (-5 HP)
@: about to teleport, flying
A: sickness immunity, fire resistance 2, cold vulnerability 1, float, innate
caster, HP casting, extra vitality 1, antennae 1, sense surroundings 1
a: no special abilities


You were on level 6 of the Dungeon.
You visited 1 branch of the dungeon, and saw 5 of its levels.

You collected 257 gold pieces.
You spent 94 gold pieces at shops.


Innate Abilities, Weirdness & Mutations

You are immune to sickness and miasma.
You are immune to poison.
Your flesh is very heat resistant. (rF++)
You are vulnerable to cold. (rC-)
You float through the air rather than walking.
You learn spells naturally, not from books.
Your magical power is your life essence.
You have superior vitality. (+4 MHP)
You have a pair of small antennae on your head.
You passively map a small area around you.


   Skills:
 + Level 3.0 Fighting
 - Level 5.3 Ranged Weapons
 - Level 2.9 Armour
 - Level 3.0 Dodging
 - Level 0.7 Stealth


You knew the following spells:

 Your Spells              Type           Power      Damage    Failure   Level
a - Summon Small Mammal   Summ           0%         N/A       65%         1
b - Scorch                Fire           0%         2d5       78%         2
c - Momentum Strike       Conj/Tloc      0%         3d8       78%         2
Your spell library was empty.

Inventory:

Hand Weapons
 a - a +3 shortbow (weapon)
Armour
 f - the +0 ring mail of Recklessness {Harm +Inv rCorr}
   (You found it on level 2 of the Dungeon)

   +Inv:      It lets you turn invisible.
   rCorr:     It protects you from acid and corrosion.
   Harm:      It increases damage dealt and taken.
 j - a +0 ring mail (worn)
Scrolls
 b - a scroll of identify
Potions
 e - a potion of enlightenment
 g - 2 potions of curing

Dungeon Overview and Level Annotations

Branches:
Dungeon (4/15)
 Temple: D:4-7

Altars:
Gozag
Makhleb
Trog
Uskayaw
The Shining One

Shops:
D:2 **?[*

Annotations:
D:3 2 runed translucent doors, qw's ghost, amateur DjHu


Message History

The steam dragon breathes steam at you. The ball of steam hits you! You resist.
A shadow imp comes into view.
The shadow imp shouts, "Run away, thou erky hasty-witted jarkman!"
You shoot an arrow. The arrow hits the steam dragon.
The steam dragon is moderately wounded.
The steam dragon misses you. The steam dragon claws you.
You shoot an arrow.
The arrow closely misses the steam dragon.
The arrow hits the shadow imp.
The shadow imp is lightly wounded.
The steam dragon bites you! The steam dragon barely misses you.
You shoot an arrow.
The arrow closely misses the steam dragon.
The arrow hits the shadow imp.
The shadow imp is heavily wounded.
The steam dragon breathes steam at you. The ball of steam hits you. You resist.
You shoot an arrow.
The arrow hits the steam dragon but does no damage.
The steam dragon is moderately wounded.
The steam dragon bites you!
The steam dragon claws you but does no damage.
2596 ||| READING scroll of teleportation.
As you read the scroll of teleportation, it crumbles to dust.
You feel strangely unstable. The steam dragon misses you.
The steam dragon claws you but does no damage.
You shoot an arrow.
The arrow completely misses the steam dragon.
The arrow closely misses the shadow imp.
The steam dragon barely misses you. The steam dragon claws you.
The steam dragon bites you! The steam dragon barely misses you.
You shoot an arrow.
The arrow closely misses the steam dragon.
The arrow closely misses the shadow imp.
A hound comes into view.
The steam dragon breathes steam at you. The ball of steam hits you! You resist.
You die...

, , *
* #.#
... *
#.# *
, #.#
, ,
.h# ,
*#5#
#D# *
#@# ,
*,
#ยค#
#.####
*
#....#
, *
####.#
##.##
* #.#
...##
#.# *
....#
#.# *
....#
#.#


You could see a steam dragon (catching breath), a hound and a shadow imp.

Vanquished Creatures
  An ogre (D:4)
  2 phantoms (D:4)
  An iguana (D:4)
  7 adders
  A dart slug (D:4)
  2 ribbon worms
  An orc (D:3)
  6 ball pythons
  3 endoplasms (D:1)
  6 giant cockroaches
  4 hobgoblins
  2 quokkas
  6 bats
  2 frilled lizards
  5 goblins
  6 kobolds
  4 rats
59 creatures vanquished.

Notes
Turn   | Place    | Note
-------+----------+-------------------------------------------
     0 | D:1      | qw the Djinni Hunter began the quest for the Orb.
     0 | D:1      | Reached XP level 1. HP: 18/18 MP: 0/0
     0 | D:1      | 0 ||| qw: Version: 0.3-a-135-gb77e89d
     0 | D:1      | 0 ||| qw: Game counter: 784
     0 | D:1      | 0 ||| qw: Melee chars always use a shield: true
     0 | D:1      | 0 ||| qw: God list: Okawaru
     0 | D:1      | 0 ||| qw: Allow faded altars: false
     0 | D:1      | 0 ||| qw: Do Orc after clearing Dungeon:15 true
     0 | D:1      | 0 ||| qw: Do second Lair branch before Depths: true
     0 | D:1      | 0 ||| qw: Lair rune preference: random
     0 | D:1      | 0 ||| qw: Goals: Normal
     0 | D:1      | 0 ||| PLANNING D:1-11
   153 | D:1      | Reached XP level 2. HP: 23/23 MP: 0/0
   601 | D:1      | 601 ||| READING scroll labelled FYILUM DICIUDD.
   605 | D:1      | 605 ||| READING scroll labelled TAVUAT XULER.
   606 | D:1      | 606 ||| READING scroll labelled CIJEEL DAOC.
   607 | D:1      | 607 ||| READING scroll labelled SASKIAF UNETT.
   607 | D:1      | 607 ||| ENCHANTING +0 shortbow.
   608 | D:1      | 608 ||| DROPPING scroll of butterflies.
   658 | D:2      | Found a hide-covered altar of Uskayaw.
   708 | D:2      | Found Olyapemos's Assorted Antiques.
   718 | D:2      | 718 ||| BUYING 3 scrolls labelled MYKOWEUBBO (72 gold).
   718 | D:2      | Bought 3 scrolls labelled MYKOWEUBBO for 72 gold pieces
   718 | D:2      | 718 ||| SHOPLISTING bubbling golden potion (21 gold, have
                  | 2).
   718 | D:2      | 718 ||| SHOPLISTING fuming orange potion (21 gold, have 2).
   718 | D:2      | 718 ||| SHOPLISTING glowing orcbow (156 gold, have 2).
   718 | D:2      | 718 ||| SHOPLISTING lumpy zirconium amulet (120 gold, have
                  | 2).
   718 | D:2      | 718 ||| SHOPLISTING pitted cloak (228 gold, have 2).
   718 | D:2      | 718 ||| SHOPLISTING scroll of teleportation (72 gold, have
                  | 2).
   731 | D:2      | Found Kadiuzoa's Armour Shop.
   738 | D:2      | Reached XP level 3. HP: 28/28 MP: 0/0
   738 | D:2      | Learned a level 1 spell: Summon Small Mammal
   747 | D:2      | 747 ||| SHOPLISTING -2 pair of gloves "Widdep" {Will++
                  | Int-2 Stlth+} (183 gold, have 11).
   772 | D:2      | Found Otring Dobuc's Magic Scroll Shoppe.
   778 | D:2      | 778 ||| SHOPLISTING scroll of enchant weapon (90 gold, have
                  | 11).
   778 | D:2      | 778 ||| SHOPLISTING scroll of identify (24 gold, have 11).
   778 | D:2      | 778 ||| SHOPLISTING scroll of teleportation (36 gold, have
                  | 11).
   784 | D:2      | Reached skill level 4 in Ranged Weapons
   830 | D:2      | Found a faded altar of an unknown god.
   868 | D:2      | Identified the +0 ring mail of Recklessness {Harm +Inv
                  | rCorr}
   887 | D:2      | Reached skill level 3 in Fighting
   887 | D:2      | Reached XP level 4. HP: 31/35 MP: 0/0
  1089 | D:2      | Found Wieqejes's General Store.
  1099 | D:2      | 1099 ||| SHOPLISTING 2 potions of mutation (176 gold, have
                  | 27).
  1099 | D:2      | 1099 ||| SHOPLISTING potion of curing (33 gold, have 27).
  1188 | D:2      | Found Peif's Assorted Antiques.
  1197 | D:2      | 1197 ||| SHOPLISTING 2 bubbling golden potions (45 gold,
                  | have 40).
  1197 | D:2      | 1197 ||| BUYING bubbling golden potion (22 gold).
  1197 | D:2      | Bought a bubbling golden potion for 22 gold pieces
  1197 | D:2      | 1197 ||| SHOPLISTING bubbling golden potion (22 gold, have
                  | 18).
  1197 | D:2      | 1197 ||| SHOPLISTING scroll of teleportation (75 gold, have
                  | 18).
  1197 | D:2      | 1197 ||| SHOPLISTING shiny helmet (187 gold, have 18).
  1197 | D:2      | 1197 ||| SHOPLISTING white potion (22 gold, have 18).
  1362 | D:2      | 1362 ||| READING 3 scrolls labelled MYKOWEUBBO.
  1362 | D:2      | 1362 ||| IDENTIFYING glowing emerald potion
  1363 | D:2      | 1363 ||| READING 2 scrolls of identify.
  1363 | D:2      | 1363 ||| IDENTIFYING bubbling golden potion
  1364 | D:2      | 1364 ||| READING scroll of identify.
  1364 | D:2      | 1364 ||| IDENTIFYING 2 metallic pink potions
  1365 | D:2      | 1365 ||| DRINKING 2 potions of mutation.
  1365 | D:2      | Gained mutation: You sometimes lose your temper in combat.
                  | [potion of mutation]
  1365 | D:2      | Gained mutation: You have sharp fingernails. [potion of
                  | mutation]
  1366 | D:2      | 1366 ||| DRINKING potion of mutation.
  1366 | D:2      | Lost mutation: You have sharp fingernails. [potion of
                  | mutation]
  1366 | D:2      | Lost mutation: You sometimes lose your temper in combat.
                  | [potion of mutation]
  1366 | D:2      | Gained mutation: You have a somewhat thin skeletal
                  | structure. (Dex +2, Stealth+) [potion of mutation]
  1366 | D:2      | Gained mutation: You passively map a small area around you.
                  | [potion of mutation]
  1366 | D:2      | Gained mutation: Your mind is acute. (Int +4, Str/Dex -1)
                  | [potion of mutation]
  1366 | D:2      | Gained mutation: You are partially covered in iridescent
                  | scales. (AC +2) [potion of mutation]
  1491 | D:3      | Found a runed translucent door.
  1669 | D:3      | Found a burning altar of Makhleb.
  1675 | D:3      | Found a glowing golden altar of the Shining One.
  1682 | D:3      | Found a bloodstained altar of Trog.
  1789 | D:3      | Noticed qw's ghost (amateur DjHu)
  1871 | D:3      | Found a runed translucent door.
  1915 | D:3      | 1915 ||| READING 2 scrolls of enchant weapon.
  1915 | D:3      | 1915 ||| ENCHANTING +1 shortbow.
  1916 | D:3      | 1916 ||| READING scroll of enchant weapon.
  1916 | D:3      | 1916 ||| ENCHANTING +2 shortbow.
  1934 | D:3      | Reached skill level 3 in Dodging
  2145 | D:3      | 2145 ||| UPGRADING to +0 ring mail.
  2155 | D:3      | 2155 ||| DROPPING +0 leather armour.
  2156 | D:3      | 2156 ||| READING 2 scrolls of identify.
  2156 | D:3      | 2156 ||| IDENTIFYING fuming inky potion
  2157 | D:3      | 2157 ||| READING scroll of identify.
  2157 | D:3      | 2157 ||| IDENTIFYING 2 fizzy golden potions
  2158 | D:3      | 2158 ||| READING scroll labelled VEGUYZ MAJUI.
  2159 | D:3      | 2159 ||| READING scroll labelled ISUWUF GATWY.
  2160 | D:3      | 2160 ||| READING scroll labelled WETTOPP VOFEWN.
  2161 | D:3      | 2161 ||| READING scroll labelled HAONTETIEF.
  2162 | D:3      | 2162 ||| DROPPING 2 potions of degeneration.
  2163 | D:3      | 2163 ||| DROPPING potion of lignification.
  2178 | D:4      | Reached XP level 5. HP: 40/40 MP: 0/0
  2178 | D:4      | Learned a level 2 spell: Scorch
  2186 | D:4      | Noticed an ogre
  2193 | D:4      | Killed an ogre
  2298 | D:4      | Noticed a phantom
  2299 | D:4      | 2299 ||| RETREEEEATING.
  2301 | D:4      | 2301 ||| RETREEEEATING.
  2304 | D:4      | 2304 ||| RETREEEEATING.
  2309 | D:4      | Reached XP level 6. HP: 22/46 MP: 0/0
  2435 | D:4      | Found an opulent altar of Gozag.
  2501 | D:4      | Reached skill level 5 in Ranged Weapons
  2501 | D:4      | Reached XP level 7. HP: 50/50 MP: 0/0
  2501 | D:4      | Learned a level 2 spell: Momentum Strike
  2514 | D:4      | 2514 ||| DRINKING potion of mutation.
  2514 | D:4      | Lost mutation: You have a somewhat thin skeletal structure.
                  | (Dex +2, Stealth+) [potion of mutation]
  2514 | D:4      | Lost mutation: You passively map a small area around you.
                  | [potion of mutation]
  2514 | D:4      | Lost mutation: Your mind is acute. (Int +4, Str/Dex -1)
                  | [potion of mutation]
  2518 | D:4      | 2518 ||| DRINKING 2 potions of mutation.
  2518 | D:4      | Lost mutation: You are partially covered in iridescent
                  | scales. (AC +2) [potion of mutation]
  2518 | D:4      | Gained mutation: You are covered in fur. (AC +1) [potion of
                  | mutation]
  2518 | D:4      | Gained mutation: You are frail. (-10% HP) [potion of
                  | mutation]
  2518 | D:4      | Gained mutation: You have a pair of small antennae on your
                  | head. [potion of mutation]
  2519 | D:4      | 2519 ||| DRINKING potion of mutation.
  2519 | D:4      | Lost mutation: You are covered in fur. (AC +1) [potion of
                  | mutation]
  2519 | D:4      | Lost mutation: You are frail. (-10% HP) [potion of
                  | mutation]
  2519 | D:4      | Gained mutation: You passively map a small area around you.
                  | [potion of mutation]
  2548 | D:4      | You are sucked into a shaft and drop 2 floors!
  2584 | D:6      | Noticed a steam dragon
  2595 | D:6      | HP: 11/50 [steam dragon (8)]
  2596 | D:6      | 2596 ||| READING scroll of teleportation.
  2597 | D:6      | HP: 4/50 [steam dragon (7)]
  2598 | D:6      | Killed from afar by a steam dragon

Levels and vault maps discovered:
D:1:      wander_arrival_desolate, layout_basic
D:2:      layout_basic, serial_shops, nicolae_shop_statue_plus,
          nicolae_shop_dealshenge, shop, nicolae_shop_pleasant_corner_grove,
          shop, hellmonk_ecumenical_altar_run_dry, basic_altar
D:3:      layout_basic, minmay_overflow_temple_star_quad, ebering_ghost_sewer_f,
          nicolae_titane
D:4:      layout_rooms, chequers_temple_overflow_statue_of_worship,
          nicolae_gozag_cash_rules_everything_around_me
D:6:      layout_loops_ring

Skill      XL: |  1  2  3  4  5  6 |
---------------+-------------------+-----
Ranged Weapons | 4 5 |  5.3
Fighting       | 3 |  3.0
Dodging        | 3 |  3.0
Armour         | 2 |  2.9
Stealth        | |  0.7

Action                     |  1- 3 |  4- 6 |  7- 9 || total
---------------------------+-------+-------+-------++-------
   Fire: Shortbow          |    65 |   113 |    11 ||   189
    Use: Scroll            |     4 |    11 |     1 ||    16
         Potion            |       |     2 |     3 ||     5
 Armour: Leather armour    |    13 |    15 |       ||    28
         Ring mail         |       |    12 |    12 ||    24
  Dodge: Dodged            |     9 |    23 |     6 ||    38

Table legend:
 A = Non-vault XP
 B = Vault XP
 C = Vault XP percentage of total XP
 D = Non-vault monster count
 E = Vault monster count
 F = Vault count percentage of total count
                 A         B        C        D         E       F
            +---------+---------+-------+---------+---------+-------
      Total |     540 |       0 |   0.0 |      59 |       0 |   0.0
            +---------+---------+-------+---------+---------+-------
        D:1 |      23 |       0 |   0.0 |      16 |       0 |   0.0
        D:2 |      66 |       0 |   0.0 |      16 |       0 |   0.0
        D:3 |      38 |       0 |   0.0 |      16 |       0 |   0.0
        D:4 |     413 |       0 |   0.0 |      11 |       0 |   0.0
            +---------+---------+-------+---------+---------+-------
